Map: Deathaura LE

Players

Erik

  • Race: Zerg Zerg
  • Spawn Location: 5:00

Kelazhur - Winner!

  • Race: Terran Terran
  • Spawn Location: 11:00

Event: DreamHack SC2 Masters 2020 Winter

VOD

Have the link to the VOD?

Description

Time

  • Played on: Oct. 23, 2020, 3:46 p.m.
  • Length: 13:28

All games in this series

Show
View Real Time Build Order
Export as new Build Order

Erik Zerg 

Build Orders: Hatch First, Muta Ling Bane 

Get SALT Encoding   

  12  0:00  Drone  
  13  0:08  Drone  
  14  0:15  Extractor  
  14  0:17  Drone  
  15  0:37  Hatchery  
  15  0:41  Extractor  
  13  0:43  Drone  
  13  0:48  Overlord  
  15  1:03  Spawning Pool  
  14  1:06  Drone  
  14  1:10  Drone  
  16  1:13  Drone  
  16  1:18  Drone  
  18  1:28  Extractor  
  18  1:29  Drone  
  18  1:39  Drone  
  19  1:50  Queen x2  
  19  1:51  Zergling x2  
  19  1:52  Zergling x2  
  25  1:59  Drone  
  26  2:03  Overlord  
  26  2:11  Drone  
  26  2:12  Drone  
  28  2:22  Drone x2  
  30  2:30  Spore Crawler  
  30  2:32  Metabolic Boost  
  30  2:34  Queen  
  32  2:38  Drone x2  
  32  2:43  Overlord  
  34  2:52  Drone  
  34  2:56  Drone x2  
  36  3:02  Drone x3  
  36  3:03  Drone x2  
  36  3:05  Drone  
  41  3:07  Drone  
  41  3:10  Drone  
  43  3:19  Overlord  
  43  3:21  Queen  
  43  3:22  Lair, Extractor  
  44  3:27  Extractor x2  
  42  3:39  Hatchery, Zergling x4  
  42  3:41  Drone  
  44  3:45  Drone x2  
  44  3:46  Drone  
  44  3:47  Drone  
  48  3:48  Drone  
  48  3:52  Drone  
  48  3:53  Drone  
  51  3:59  Overlord  
  51  4:00  Drone  
  52  4:12  Overlord  
  52  4:16  Queen  
  54  4:19  Drone x4  
  54  4:20  Drone  
  59  4:27  Spire  
  59  4:31  Zergling x4  
  60  4:33  Zergling x2  
  60  4:34  Zergling x2  
  62  4:41  Baneling Nest  
  61  4:57  Queen  
  61  4:58  Overlord  
  61  4:59  Overlord  
  63  5:01  Drone x6  
  63  5:05  Drone  
  70  5:15  Drone x4  
  70  5:18  Overlord  
  70  5:20  Zergling x2  
  75  5:23  Drone  
  75  5:25  Centrifical Hooks  
  75  5:26  Extractor  
  75  5:27  Extractor, Overlord  
  74  5:41  Mutalisk x6  
  86  5:46  Mutalisk x2  
  86  5:47  Mutalisk  
  92  5:57  Drone x8  
  92  6:00  Drone  
  101  6:09  Drone x2  
  101  6:10  Drone  
  104  6:12  Baneling x5  
  104  6:23  Mutalisk  
  104  6:25  Overlord x3  
  106  6:33  Hatchery  
  105  6:51  Mutalisk x7  
  115  6:59  Drone x2  
  117  7:04  Drone  
  117  7:05  Evolution Chamber  
  117  7:06  Evolution Chamber  
  116  7:09  Hatchery, Zergling x4  
  116  7:10  Hatchery, Zergling x6  
  119  7:21  Zerg Flyer Weapons Level 1  
  119  7:30  Overlord  
  119  7:34  Pneumatized Carapace  
  119  7:35  Zerg Ground Armor Level 1, Zerg Melee Weapons Level 1  
  117  7:40  Baneling  
  117  7:41  Baneling x8  
  117  7:44  Zergling x18  
  125  7:53  Baneling x3  
  125  7:54  Baneling x4  
  118  8:02  Mutalisk x3  
  119  8:09  Drone x7  
  119  8:11  Queen  
  128  8:17  Overseer  
  128  8:18  Overseer  
  128  8:20  Drone x3  
  128  8:22  Drone  
  132  8:29  Baneling x2  
  132  8:30  Baneling x6  
  127  8:39  Mutalisk x3  
  124  8:49  Drone x11  
  124  8:53  Extractor  
  124  8:54  Extractor  
  133  8:55  Queen  
  133  8:59  Mutalisk x3  
  141  9:04  Zergling x10  
  141  9:09  Zergling x2  
  146  9:19  Zergling x10  
  151  9:27  Zergling x10  
  151  9:29  Overlord x12  
  151  9:30  Zerg Melee Weapons Level 2, Zerg Ground Armor Level 2  
  149  9:46  Baneling x11  
  149  9:49  Zergling x18  
  149  9:56  Zergling x2  
  149  9:57  Zergling x8  
  148  10:03  Zergling x4  
  148  10:04  Zergling x2  
  148  10:05  Zergling x10  
  148  10:06  Zergling x26  
  169  10:09  Baneling x9  
  169  10:10  Baneling x2  
  169  10:22  Mutalisk  
  169  10:23  Mutalisk x3  
  177  10:29  Hatchery  
  177  10:33  Zergling x20  
  186  10:42  Zergling x18  
  174  10:59  Zergling x2  
  174  11:00  Zergling x20  
  174  11:03  Baneling x26  
  174  11:09  Zergling x6  
  174  11:10  Zergling x8  
  170  11:19  Baneling x8  
  170  11:25  Hatchery  
  169  11:26  Zergling x14  
  169  11:27  Zergling x2  
  169  11:31  Overseer x2  
  177  11:36  Baneling x9  
  161  11:49  Zergling x32  
  171  12:07  Zergling x30  
  181  12:14  Overseer  
  169  12:16  Baneling x4  
  169  12:19  Baneling x21  
  169  12:20  Zergling x4  
  169  12:21  Zergling x6  
  162  12:31  Zergling x2  
  162  12:32  Zergling x10  
  158  12:42  Mutalisk x3, Baneling x8  
  136  12:53  Zergling x2  
  136  12:54  Zergling x14  
  124  12:59  Mutalisk  
  124  13:00  Mutalisk x2  
Show
View Real Time Build Order
Export as new Build Order

Kelazhur Terran - Winner!

Build Orders: Hellion Opening, Reaper Expand 

Get SALT Encoding   

  12  0:00  SCV  
  13  0:12  SCV  
  14  0:17  Supply Depot  
  14  0:24  SCV  
  15  0:38  SCV  
  15  0:39  Barracks  
  16  0:44  Refinery  
  16  0:50  SCV  
  17  1:03  SCV  
  18  1:15  SCV  
  19  1:27  Orbital Command, Reaper  
  20  1:38  Command Center  
  20  1:46  Supply Depot  
  20  1:52  SCV  
  21  1:59  Marine  
  22  2:04  Factory  
  22  2:05  SCV  
  23  2:17  SCV  
  23  2:21  Barracks Reactor  
  25  2:30  SCV  
  25  2:42  SCV  
  26  2:47  Command Center  
  26  2:53  Orbital Command  
  26  2:55  SCV  
  26  3:04  Starport  
  26  3:07  SCV  
  26  3:10  Hellion  
  31  3:13  Hellion  
  31  3:19  Marine, SCV  
  34  3:20  SCV  
  34  3:31  SCV  
  34  3:32  SCV  
  34  3:33  Hellion  
  40  3:34  Hellion  
  40  3:42  Viking  
  40  3:44  SCV x2  
  40  3:45  Barracks Tech Lab  
  44  3:52  Supply Depot  
  44  3:56  SCV x2  
  44  3:59  Hellion x2  
  44  4:02  Orbital Command  
  50  4:09  SCV  
  52  4:10  SCV  
  52  4:12  Marine, Stimpack  
  53  4:21  Barracks x2  
  53  4:22  SCV x2  
  55  4:31  SCV, Refinery  
  56  4:32  Refinery  
  56  4:34  SCV x2  
  56  4:37  Marine  
  59  4:40  Refinery  
  59  4:42  Factory Tech Lab  
  59  4:43  SCV, Starport Reactor  
  60  4:46  SCV x2  
  61  4:55  SCV  
  61  4:58  Supply Depot, SCV x2, Engineering Bay x2  
  64  5:00  Marine  
  65  5:07  SCV  
  65  5:10  SCV  
  65  5:12  SCV  
  68  5:14  Barracks x2  
  68  5:19  SCV  
  68  5:20  Factory Reactor  
  69  5:22  SCV  
  69  5:23  Supply Depot  
  69  5:24  Marine x3, SCV  
  69  5:28  Terran Infantry Armor Level 1, Terran Infantry Weapons Level 1  
  74  5:31  Starport Reactor  
  74  5:37  SCV  
  74  5:38  Marine x2, Orbital Command  
  74  5:42  Supply Depot x2  
  77  5:44  Marine x2  
  77  5:48  Missile Turret  
  79  5:50  Missile Turret  
  79  5:51  SCV, Marine  
  79  5:52  Missile Turret  
  79  5:53  Combat Shield  
  79  5:56  SCV, Marine  
  83  6:03  SCV  
  84  6:07  Marine x2  
  84  6:08  Barracks Reactor  
  84  6:09  Barracks Reactor  
  84  6:10  SCV x2  
  88  6:16  Marine  
  88  6:17  Marine x2  
  88  6:18  Medivac x2, Supply Depot  
  95  6:20  SCV  
  95  6:22  SCV  
  98  6:25  SCV  
  98  6:27  Marine x2  
  98  6:31  Hellion  
  100  6:34  Armory, Supply Depot  
  100  6:35  SCV  
  100  6:39  Marine x2  
  107  6:40  SCV x2, Hellion  
  107  6:43  Marine  
  107  6:46  Refinery  
  106  6:47  SCV  
  106  6:52  SCV x2, Marine  
  106  6:53  Marine  
  106  6:54  Widow Mine  
  105  6:58  Supply Depot  
  105  6:59  Marine x6  
  113  7:01  Widow Mine, Refinery  
  113  7:02  Medivac  
  113  7:04  Medivac  
  117  7:11  Supply Depot  
  117  7:18  Marine x2  
  117  7:19  Supply Depot, Marine  
  117  7:20  Marine x5  
  117  7:21  Marine  
  124  7:25  Terran Infantry Weapons Level 2  
  124  7:30  Supply Depot, SCV  
  124  7:32  SCV  
  124  7:33  Widow Mine x2  
  124  7:35  Terran Infantry Armor Level 2  
  124  7:36  Marine  
  129  7:41  Medivac  
  129  7:42  Medivac  
  129  7:44  Marine  
  133  7:49  Marine  
  135  7:52  Marine  
  120  8:00  Marine  
  120  8:02  Marine  
  120  8:04  Marine x4  
  120  8:05  Marine  
  110  8:06  Marine  
  110  8:08  Widow Mine x2  
  110  8:10  Marine  
  110  8:12  Command Center  
  116  8:14  Factory, Supply Depot  
  116  8:17  Marine  
  116  8:18  Medivac  
  116  8:19  Medivac  
  121  8:23  Marauder  
  121  8:25  Marine x2  
  121  8:26  Marine x3  
  128  8:27  Marine  
  129  8:39  Marine  
  129  8:40  Widow Mine x2  
  128  8:43  Marine  
  128  8:44  Marauder  
  121  8:49  Marine x6  
  125  8:57  Medivac x2  
  125  8:58  Drilling Claws  
  125  8:59  Thor  
  125  9:02  Marine x2  
  137  9:06  Marauder, Marine  
  137  9:07  Widow Mine x2  
  144  9:10  Marine  
  144  9:14  Marine x3  
  146  9:19  SCV x3  
  146  9:23  Supply Depot, Marine x2  
  146  9:24  Supply Depot  
  151  9:27  Barracks x2  
  151  9:30  Widow Mine x2  
  155  9:37  Missile Turret  
  155  9:41  Marine  
  155  9:42  Marine x4  
  156  9:48  Marine  
  156  9:49  Marauder  
  152  9:55  Marine  
  152  9:56  Thor, Widow Mine x2  
  162  10:00  Planetary Fortress  
  162  10:01  SCV x2  
  162  10:04  Terran Infantry Weapons Level 3  
  162  10:05  Marine x6  
  162  10:06  Marine  
  167  10:10  Marine  
  167  10:11  Terran Infantry Armor Level 3  
  167  10:12  Marine  
  172  10:17  Barracks Tech Lab  
  172  10:18  Barracks Tech Lab  
  172  10:19  Missile Turret x2  
  169  10:24  Widow Mine x2, Missile Turret  
  173  10:32  Marine x6, Marauder  
  177  10:40  Marine x2, Marauder x2  
  183  10:46  Supply Depot  
  183  10:47  Supply Depot  
  183  10:49  Thor  
  183  10:50  Widow Mine, Marine  
  183  10:51  Widow Mine, Marine x2  
  183  10:52  Medivac  
  183  10:58  Marauder  
  183  11:02  Marine  
  183  11:03  Marine x6  
  174  11:07  Marine, Command Center  
  174  11:10  Medivac  
  175  11:15  Missile Turret  
  175  11:16  Marine  
  171  11:18  Terran Vehicle And Ship Armor Level 1  
  171  11:20  Marauder  
  171  11:21  Widow Mine x2, Marauder x2  
  171  11:22  Medivac  
  183  11:31  Marine x3  
  183  11:32  Marine x2  
  188  11:42  Marine  
  179  11:49  Marauder, Command Center  
  179  11:52  Marauder, Marine  
  184  11:54  Thor, Widow Mine x2  
  194  12:06  Marine x7, Marauder  
  189  12:10  Marine x2  
  189  12:12  Medivac  
  189  12:13  Medivac  
  189  12:14  Marauder  
  195  12:21  Widow Mine x2  
  199  12:24  Marine  
  199  12:25  Missile Turret  
  199  12:26  Missile Turret  
  199  12:29  Marine, Marauder  
  181  12:36  Marine  
  181  12:37  Marine x5  
  172  12:38  Marauder x2  
  172  12:42  Medivac  
  181  12:51  Marauder  
  161  12:54  Widow Mine  
  161  12:55  Widow Mine  
  161  12:56  Marine x8  
  171  12:59  Marine, Marauder  
Tags
 
Add a new tag
Caveats
  • Supply blocks, unpowered buildings, or Contaminate may cause inaccurate times.
  • Supply counts are checked every 10 seconds.